Map: Zen LE

Players

MaSa - Winner!

  • Race: Terran Terran
  • Spawn Location: 7:00

Astrea

  • Race: Protoss Protoss
  • League: Grandmaster
  • Spawn Location: 1:00

Event: Cheeseadelphia XI, Cheeseadelphia XI

VOD

Have the link to the VOD?

Description

Time

  • Played on: Dec. 14, 2019, 5:21 p.m.
  • Length: 9:47

All games in this series

Show
View Real Time Build Order
Export as new Build Order

MaSa Terran - Winner!

Build Orders:  

Get SALT Encoding   

  12  0:00  SCV  
  13  0:12  SCV  
  14  0:17  Supply Depot  
  14  0:24  SCV  
  15  0:38  SCV  
  15  0:40  Barracks  
  16  0:44  Refinery  
  16  0:50  SCV  
  17  1:02  SCV  
  18  1:15  SCV  
  19  1:27  Orbital Command, Marine  
  20  1:39  Command Center  
  20  1:45  Barracks Reactor  
  20  1:50  Supply Depot  
  20  1:55  SCV  
  21  2:07  SCV, Factory  
  22  2:19  SCV  
  22  2:21  Marine x2  
  25  2:25  Refinery  
  25  2:31  SCV  
  26  2:43  SCV  
  27  2:48  Marine  
  28  2:51  Orbital Command  
  28  2:55  Starport  
  28  2:57  Hellion x2  
  32  2:59  SCV  
  33  3:09  Barracks Tech Lab  
  33  3:11  SCV  
  34  3:17  SCV  
  34  3:19  Hellion x2  
  39  3:27  SCV, Supply Depot  
  39  3:31  SCV  
  40  3:39  SCV  
  38  3:42  Widow Mine x2, Barracks Tech Lab  
  38  3:45  Viking  
  38  3:46  SCV  
  45  3:52  SCV  
  45  3:53  Supply Depot  
  46  3:59  SCV  
  46  4:01  Supply Depot  
  47  4:04  SCV  
  47  4:09  Widow Mine x2  
  44  4:11  SCV  
  44  4:14  Marine  
  44  4:15  Stimpack  
  44  4:16  SCV  
  47  4:21  Starport Reactor  
  47  4:22  Barracks  
  47  4:23  SCV  
  48  4:28  SCV  
  48  4:30  Widow Mine  
  51  4:34  Barracks  
  51  4:35  SCV  
  51  4:37  Marine  
  53  4:40  SCV  
  54  4:47  SCV  
  54  4:51  Engineering Bay  
  54  4:52  SCV  
  56  4:56  Marauder  
  56  4:58  Liberator  
  56  4:59  SCV  
  59  5:00  Refinery  
  59  5:01  Factory Tech Lab, Refinery  
  59  5:04  SCV  
  60  5:08  Barracks x2  
  60  5:11  SCV, Supply Depot  
  61  5:16  SCV  
  61  5:17  Marauder  
  61  5:18  Terran Infantry Weapons Level 1  
  61  5:20  Marine x2  
  70  5:29  Supply Depot  
  70  5:32  Siege Tank, Marauder  
  70  5:34  Combat Shield  
  74  5:37  Supply Depot  
  74  5:39  SCV  
  74  5:40  Marine  
  74  5:42  Supply Depot, Marine  
  77  5:51  Marauder  
  77  5:55  Medivac  
  77  5:56  Marine x2  
  84  5:58  Marauder  
  84  5:59  Medivac  
  87  6:06  Supply Depot x2  
  87  6:07  Marine x2  
  87  6:10  Siege Tank  
  92  6:11  Marine  
  92  6:13  Concussive Shells  
  92  6:15  Marine x2  
  95  6:19  Marine  
  96  6:27  Medivac  
  98  6:34  Marine x4  
  98  6:35  Marauder  
  104  6:43  Marauder  
  106  6:50  Siege Tank  
  106  6:51  Marine x2  
  106  6:52  Marine x2  
  112  6:55  Marine  
  110  7:04  Marine  
  111  7:09  Marine x3  
  111  7:14  Marauder, Marine  
  111  7:17  SCV  
  109  7:23  Marauder  
  109  7:27  Liberator, Marine x3  
  112  7:30  Siege Tank  
  112  7:32  Marine  
  99  7:38  Marauder  
  99  7:43  Marine  
  93  7:45  Marine x3  
  93  7:50  Marine  
  92  7:59  Marine  
  92  8:01  Marine  
  92  8:03  Marine x3  
  93  8:07  Marine  
  86  8:17  Marine  
  86  8:19  Marine  
  87  8:20  Marine  
  87  8:21  Marine x2  
  87  8:25  Marine  
  91  8:28  Bunker  
  75  8:35  Marine  
  75  8:37  Marine  
  75  8:38  Marine x2  
  67  8:47  Marine x2  
  67  8:48  Medivac  
  71  8:52  Marine  
  64  9:01  Marine x2  
  59  9:03  Marine  
  59  9:07  Marine  
  56  9:12  Marine  
  56  9:13  Marine  
  55  9:22  Marine x2  
  55  9:24  Marine  
  54  9:34  SCV x2  
Show
View Real Time Build Order
Export as new Build Order

Astrea Protoss 

Build Orders: 1 Gate Expand, Oracle Opening, Phoenix Opening, Zealot Archon 

Get SALT Encoding   

  12  0:00  Probe  
  13  0:13  Probe  
  14  0:17  Pylon  
  14  0:28  Probe (Chrono Boost)  
  15  0:38  Gateway  
  15  0:40  Probe (Chrono Boost)  
  16  0:45  Probe (Chrono Boost)  
  16  0:47  Assimilator  
  17  0:54  Probe  
  18  1:06  Probe  
  19  1:18  Probe  
  20  1:27  Nexus  
  20  1:34  Cybernetics Core  
  20  1:38  Probe  
  21  1:44  Assimilator  
  21  1:50  Probe  
  22  1:55  Pylon  
  22  2:02  Probe  
  23  2:10  Adept (Chrono Boost), Probe  
  26  2:18  Stargate, Probe  
  27  2:25  Warp Gate  
  27  2:29  Probe (Chrono Boost)  
  27  2:34  Adept  
  30  2:39  Probe (Chrono Boost)  
  32  2:47  Probe (Chrono Boost)  
  32  2:48  Probe (Chrono Boost)  
  33  2:53  Probe x2 (Chrono Boost)  
  35  3:03  Oracle (Chrono Boost)  
  35  3:05  Probe x2  
  40  3:07  Adept  
  42  3:15  Pylon  
  42  3:17  Probe x2  
  44  3:29  Probe x2  
  44  3:30  Oracle (Chrono Boost)  
  45  3:41  Probe  
  45  3:42  Probe  
  45  3:47  Pylon  
  47  3:53  Probe  
  47  3:54  Probe  
  49  3:58  Phoenix  
  51  4:06  Probe x2 (Chrono Boost)  
  47  4:14  Nexus  
  47  4:18  Probe (Chrono Boost)  
  47  4:22  Sentry  
  51  4:24  Probe (Chrono Boost)  
  51  4:27  Probe (Chrono Boost)  
  51  4:31  Probe (Chrono Boost)  
  53  4:32  Probe, Gateway  
  53  4:35  Gateway  
  54  4:42  Probe  
  54  4:43  Phoenix (Chrono Boost)  
  54  4:44  Probe  
  58  4:53  Pylon  
  58  4:54  Assimilator  
  58  4:56  Probe  
  58  4:57  Probe  
  58  4:58  Assimilator  
  60  5:06  Phoenix (Chrono Boost)  
  62  5:11  Probe x2  
  62  5:13  Forge, Twilight Council  
  64  5:23  Probe x2  
  64  5:25  Pylon  
  64  5:26  Probe (Chrono Boost)  
  69  5:35  Probe (Chrono Boost)  
  69  5:38  Probe (Chrono Boost)  
  69  5:40  Probe (Chrono Boost), Protoss Ground Armor Level 1 (Chrono Boost)  
  70  5:44  Gateway  
  70  5:46  Probe (Chrono Boost), Gateway  
  70  5:47  Probe (Chrono Boost)  
  70  5:49  Probe (Chrono Boost)  
  73  5:50  Probe (Chrono Boost), Gateway  
  73  5:53  Sentry  
  76  5:59  Gateway  
  76  6:00  Gateway  
  76  6:04  Probe x2  
  76  6:07  Charge (Chrono Boost)  
  78  6:13  Probe  
  78  6:16  Zealot x2  
  78  6:17  Templar Archives  
  83  6:21  Pylon, Probe x2  
  85  6:26  Robotics Facility  
  85  6:28  Zealot  
  85  6:32  Shield Battery  
  87  6:34  Photon Cannon  
  87  6:42  Zealot x3  
  87  6:44  Zealot  
  87  6:45  Zealot  
  97  6:52  Photon Cannon  
  95  6:54  Photon Cannon  
  95  6:56  Shield Battery  
  95  6:58  Sentry, Shield Battery  
  95  6:59  Sentry x2  
  101  7:05  Pylon  
  101  7:08  Sentry  
  101  7:11  Pylon  
  101  7:12  Zealot  
  101  7:19  Zealot x2  
  101  7:20  Zealot  
  91  7:25  Zealot x3  
  91  7:28  Observer  
  98  7:32  Zealot x2  
  102  7:40  Zealot x3  
  84  7:50  Zealot x3  
  79  7:54  High Templar x2  
  79  7:56  Immortal (Chrono Boost)  
  79  7:58  Archon  
  77  8:01  Zealot x3  
  78  8:14  Zealot x3  
  76  8:21  Zealot x2  
  76  8:23  Zealot  
  72  8:30  Zealot x2  
  59  8:35  Probe  
  59  8:37  Zealot  
  42  8:42  High Templar x2  
  42  8:43  Zealot  
  42  8:47  Archon  
  41  8:51  Stalker  
  37  9:06  Stalker x2  
  38  9:13  High Templar  
  38  9:15  High Templar  
  35  9:18  Archon  
  35  9:22  Stalker  
  23  9:38  Sentry x2  
Tags
 
Add a new tag
Caveats
  • Supply blocks, unpowered buildings, or Contaminate may cause inaccurate times.
  • Supply counts are checked every 10 seconds.